 Dungeon Crawl Stone Soup version 0.01-2087-gb5e28fc70b (webtiles) character file.

Game seed: 9802280256695147194, levelgen mode: classic

3884 Amnesiac the Geomancer (level 10, -18/58 HPs) Goblin Noble. Began on May 31, 2020. Was a Believer of Vehumet. Demolished by a death knight ... wielding a +0 halberd (23 damage) ... on level 6 of the Dungeon. The game lasted 00:33:24 (6461 turns).

Amnesiac the Geomancer (Goblin Noble)               Turns: 6461, Time: 00:33:25

Health: -18/58     AC: 17    Str:  4    XL:     10 ^: 2210
Magic:  10/20      EV: 13    Int: 10    God:    Vehumet [**.... (61)]
Gold:   15         SH:  0    Dex:  4    Spells: 15/27 levels left

rFire    . . .     Vision   .   a - +0 staff of earth
rCold    . . .     Gourm    .   (also wielding the above weapon)
rNeg     . . .     Faith    .   c - +0 robe
rPois    .         Spirit   .   (no helmet)
rElec    .         Reflect  .   (no cloak)
rCorr    .         Harm     .   (no gloves)
MR       .....                  (no boots)
Stlth    +.........             n - amulet of magic regeneration
HPRegen  0.29/turn              l - ring of protection
MPRegen  0.55/turn              v - ring of protection (curse) {(Curse: Soulbond)}

@: no status effects
A: small, stagnant stats, goblin's greed, low mp 1, mutation resistance 1, god's
pity 2
a: Renounce Religion


You were on level 6 of the Dungeon.
You worshipped Vehumet.
Vehumet was pleased with you.
You were hungry.

You visited 2 branches of the dungeon, and saw 7 of its levels.
You also visited: Market.

You collected 508 gold pieces.
You spent 1591 gold pieces at shops.

Inventory:

Weapons
 b - a +2 dagger of caustic ooze
Armour
 c - a +0 robe (worn)
 s - a +0 leather armour of poison resistance
 w - a scarf of repulsion
Magical Staves
 a - a +0 staff of earth (weapon)
Jewellery
 l - a ring of protection (left hand)
 n - an amulet of magic regeneration (around neck)
 t - an uncursed ring of protection from magic
 v - a cursed ring of protection (right hand) {(Curse: Soulbond)}
Wands
 u - a wand of random effects (1)
 x - a wand of iceblast (7)
Scrolls
 e - 4 scrolls of blinking {!r}
 f - 4 scrolls of fear {!r}
 i - 2 scrolls of magic mapping {!r}
 j - 6 scrolls of teleportation {!r}
 o - 2 scrolls of fog {!r}
 q - 3 scrolls of enchantment {!r}
Potions
 d - a potion of curing {!q}
 h - a potion of magic {!q}
 k - 2 potions of mutation {!q}
 m - 2 potions of brilliance {!q}
 r - a potion of heal wounds {!q}
 z - a potion of haste {!q}
 A - a potion of agility {!q}
Comestibles
 g - 11 rations
 p - 6 chunks of flesh


   Skills:
 - Level 1.3 Fighting
 - Level 4.0 Maces & Staves
 - Level 1.3 Stealth
 + Level 9.3 Spellcasting
 * Level 14.3 Earth Magic


You had 15 spell levels left.
You knew the following spells:

 Your Spells              Type           Power        Failure   Level  Hunger
a - Sandblast             Erth           49 (50)      1%          1    None
b - Passwall              Tmut/Erth      28 (120)     1%          2    #......
d - Lee's Rapid Deconstr  Erth           49 (200)     1%          5    ######.
e - Petrify               Tmut/Erth      28 (100)     8%          4    ####...

Your spell library contained the following spells:

 Spells                   Type           Power        Failure   Level  Hunger
 Stone Arrow              Erth           49 (50)      1%          3    ##.....
 Methodical Deconstructi  Erth           49 (200)     1%          5    ######.
 Flame Tongue             Fire           4 (40)       14%         1    None
 Searing Ray              Fire           4 (50)       22%         2    #......


Dungeon Overview and Level Annotations

Branches:
Dungeon (6/8)              Temple (1/1) D:4            Lair (0/6) D:5
    Orc: D:6

Altars:
Ashenzari
Cheibriados
Dithmenos
Elyvilon
Fedhas
Gozag
Hepliaklqana
Kikubaaqudgha
Makhleb
Nemelex Xobeh
Okawaru
Qazlal
Ru
Sif Muna
Trog
Uskayaw
Vehumet
Wu Jian
Xom
Yredelemnul
Zin
The Shining One

Shops:
D:2 =


Innate Abilities, Weirdness & Mutations

Your stats never grow through leveling.
Your goblin ancestry allows you to find more gold. (+20%)
You are small and have problems with some larger weapons.
Your magical capacity is low. (-10% MP)
You are somewhat resistant to further mutation.
The pity of the gods increases the power of your passive and invoked divine abilities.


Message History

The blast of sand hits the death knight (20)!!
The death knight is heavily wounded. (47/82) HP The death knight reflects your damage back at you!
Unknown command.
Casting: Sandblast (safe; 1% risk of failure)
Confirm with . or Enter, or press ? or * to list all spells.
Aiming: Sandblast (safe; 1% risk of failure)
Press: ? - help, Shift-Dir - straight line, f/p - death knight
Aim: a death knight, wielding a +0 halberd, brandishing a wand of hasting and wearing a +0 chain mail (heavily wounded (47/82), reflecting injuries)
You feel a surge of power!
The blast of sand hits the death knight (6).
The death knight is heavily wounded. (41/82) HP The death knight reflects your damage back at you!
The death knight zaps a wand.
The slime creature seems to speed up.
Unknown command.
Casting: Sandblast (safe; 1% risk of failure)
Confirm with . or Enter, or press ? or * to list all spells.
Aiming: Sandblast (safe; 1% risk of failure)
Press: ? - help, Shift-Dir - straight line, f/p - death knight
Aim: a death knight, wielding a +0 halberd, brandishing a wand of hasting and wearing a +0 chain mail (heavily wounded (41/82), reflecting injuries)
You feel a surge of power!
The blast of sand hits the death knight but does no damage (0).
The death knight is heavily wounded. (41/82) HP The death knight hits you from afar with a +0 halberd (17)!
* * * LOW HITPOINT WARNING * * *
Unknown command.
Casting: Sandblast (safe; 1% risk of failure)
Confirm with . or Enter, or press ? or * to list all spells.
Aiming: Sandblast (safe; 1% risk of failure)
Press: ? - help, Shift-Dir - straight line, f/p - death knight
Aim: a death knight, wielding a +0 halberd, brandishing a wand of hasting and wearing a +0 chain mail (heavily wounded (42/82), reflecting injuries)
You feel a surge of power!
The blast of sand hits the death knight (17)!
The death knight is severely wounded. (25/82) HP The death knight reflects your damage back at you!
* * * LOW HITPOINT WARNING * * *
The death knight's dark mirror aura disappears.
The death knight hits you from afar with a +0 halberd (9)!
* * * LOW HITPOINT WARNING * * *
Unknown command.
Casting: Sandblast (safe; 1% risk of failure)
Confirm with . or Enter, or press ? or * to list all spells.
Aiming: Lee's Rapid Deconstruction (safe; 1% risk of failure)
Press: ? - help, Dir - move target cursor, p - death knight A rock wall.
You feel a surge of power!
The wall shatters!
The blast of rock fragments hits the slime creature (10)!
The slime creature is lightly wounded. (45/55) HP The blast of rock fragments hits the death knight but does no damage (0).
The death knight is severely wounded. (27/82) HP The death knight closely misses you (0).
Casting: Lee's Rapid Deconstruction (safe; 1% risk of failure)
Confirm with . or Enter, or press ? or * to list all spells.
Aiming: Lee's Rapid Deconstruction (safe; 1% risk of failure)
Press: ? - help, Dir - move target cursor A rock wall.
You feel a surge of power!
The wall shatters!
The blast of rock fragments hits the slime creature (12)!
The slime creature is moderately wounded. (34/55) HP The blast of rock fragments hits the death knight but does no damage (0).
The death knight is severely wounded. (28/82) HP You are feeling hungry.
The death knight hits you from afar with a +0 halberd (23)!!
You die...

### # #.. .. ##.. ...
#####.... ....
######..<..#.. .....
###......#####..
......########...######
#.. .........Jp.@..###
#.. ......##########
#.. ..... ### .###


You could see a death knight and a slime creature.

Vanquished Creatures
  A cyclops (D:5)
  A hornet (D:5)
  A necrophage (D:5)
  5 orc warriors
  2 porcupines
  3 sky beasts (D:4)
  A black bear (D:4)
  An ice beast (D:4)
  An ogre (D:3)
  3 bullfrogs
  2 centaurs (D:5)
  2 jellies
  2 scorpions (D:4)
  3 howler monkeys
  5 wights
  A gnoll shaman (D:4)
  5 orc priests
  3 hounds
  7 orc wizards
  2 iguanas (D:4)
  A wyvern zombie (D:4)
  7 worker ants
  5 bullfrog skeletons
  20 gnolls
  16 adders
  A killer bee zombie (D:5)
  A hound zombie (D:5)
  A hound skeleton (D:3)
  5 oozes
  3 dart slugs (D:1)
  4 leopard geckos
  30 orcs
  An adder skeleton (D:3)
  An adder zombie (D:5)
  10 giant cockroaches
  10 hobgoblins
  9 jackals
  3 quokkas
  2 ball pythons
  12 bats
  2 frilled lizards (D:1)
  14 goblins
  10 kobolds
  13 rats
232 creatures vanquished.

Notes
Turn   | Place    | Note
-------+----------+-------------------------------------------
     0 | Start Ma | Amnesiac the Goblin Noble began the quest for the Orb.
     0 | Start Ma | Reached XP level 1. HP: 13/13 MP: 0/0
     0 | Start Ma | Found Neci's Auxillary Armour.
     1 | Start Ma | Found Weguibb's Mashing MeleeMart.
    23 | Start Ma | Found Betemuib's Expert Tomes.
    46 | Start Ma | Bought a book of Geomancy for 525 gold pieces
    47 | Start Ma | Bought a +0 staff of earth for 350 gold pieces
    86 | Start Ma | Bought a cursed ring of teleportation {(Curse: rC-)} for 36
                  | gold pieces
    86 | Start Ma | Bought a cursed ring of attention {(Curse: MR-)} for 36
                  | gold pieces
    87 | Start Ma | Bought a cursed amulet of reduced vision {(Curse: *Drain)}
                  | for 20 gold pieces
   104 | D:1      | Amnesiac set off with the following items: a +0 robe, a
                  | ration, a +0 staff of earth; and the following spells
                  | available to memorise: Sandblast, Passwall, Stone Arrow,
                  | Petrify, Lee's Rapid Deconstruction, Methodical
                  | Deconstruction
   167 | D:1      | Reached skill level 1 in Spellcasting
   171 | D:1      | Learned a level 1 spell: Sandblast
   220 | D:1      | Reached skill level 1 in Earth Magic
   220 | D:1      | Reached XP level 2. HP: 13/18 MP: 0/2
   224 | D:1      | Learned a level 2 spell: Passwall
   514 | D:1      | Reached skill level 2 in Earth Magic
   565 | D:1      | Reached XP level 3. HP: 23/23 MP: 0/3
   685 | D:1      | Reached skill level 3 in Earth Magic
   802 | D:1      | Reached skill level 1 in Maces & Staves
   892 | D:1      | Reached XP level 4. HP: 28/28 MP: 1/4
  1250 | D:2      | Reached skill level 4 in Earth Magic
  1545 | D:2      | Reached XP level 5. HP: 32/33 MP: 0/5
  1873 | D:2      | Reached skill level 5 in Earth Magic
  2060 | D:2      | Found Osuvaomn's Jewellery Shop.
  2232 | D:2      | Reached XP level 6. HP: 38/38 MP: 0/6
  2685 | D:3      | Identified a paperback manual
  2694 | D:3      | Reached skill level 6 in Earth Magic
  3023 | D:3      | Reached XP level 7. HP: 43/43 MP: 5/9
  3065 | D:3      | Learned a level 5 spell: Lee's Rapid Deconstruction
  3164 | D:3      | Reached skill level 7 in Earth Magic
  3687 | D:4      | Reached skill level 8 in Earth Magic
  3790 | D:4      | Reached XP level 8. HP: 48/48 MP: 7/12
  3888 | D:4      | Reached skill level 9 in Earth Magic
  3922 | D:4      | Reached skill level 5 in Spellcasting
  4096 | D:4      | Reached skill level 10 in Earth Magic
  4253 | D:4      | Found a staircase to the Ecumenical Temple.
  4272 | Temple   | Entered the Ecumenical Temple
  4346 | Temple   | Became a worshipper of Vehumet
  4410 | D:4      | Reached XP level 9. HP: 53/53 MP: 10/15
  4438 | D:4      | Reached skill level 11 in Earth Magic
  4912 | D:4      | Reached skill level 12 in Earth Magic
  5044 | D:4      | Reached * piety under Vehumet
  5044 | D:4      | Offered knowledge of Flame Tongue by Vehumet.
  5377 | D:5      | Entered Level 5 of the Dungeon
  5379 | D:5      | Reached skill level 13 in Earth Magic
  5379 | D:5      | Reached XP level 10. HP: 58/58 MP: 16/19
  5389 | D:5      | Offered knowledge of Searing Ray by Vehumet.
  5399 | D:5      | Reached ** piety under Vehumet
  5526 | D:5      | Found a shadowy altar of Dithmenos.
  5761 | D:5      | Reached skill level 14 in Earth Magic
  5767 | D:5      | Learned a level 4 spell: Petrify
  5968 | D:5      | Found a staircase to the Lair.
  6011 | D:2      | Bought a cursed ring of protection {(Curse: Soulbond)} for
                  | 624 gold pieces
  6236 | D:5      | Found a burning altar of Makhleb.
  6445 | D:6      | Noticed a death knight
  6461 | D:6      | Demolished by a death knight

Levels and vault maps discovered:
D:1:      tarquinn_simple_flora_water_a, layout_basic, due_unseen_surprise
D:2:      layout_loops_corners, first_ration, serial_rivers,
          chequers_serial_rivers_room_b, chequers_serial_rivers_small_3,
          chequers_serial_rivers_micro_a, chequers_serial_rivers_small_a,
          serial_shops, nicolae_shop_competitors_out_of_business, minmay_bent
D:3:      layout_loops_cross
D:4:      layout_loops_corners, minmay_temple_entry_hall
D:5:      layout_cave_pools, nicolae_overflow_hidden_temple, lair_entry_dummy,
          basic_altar
D:6:      layout_roguey, orc_0_dummy, gauntlet_entry_generic,
          gammafunk_ghost_gnarly_gnolls
Temple:   compressed_dpeg_triangle_lava_temple

Skill      XL: |  1  2  3  4  5  6  7  8  9 10 |
---------------+-------------------------------+-----
Spellcasting   | 1 2 4 6 8 9 |  9.3
Earth Magic    | 1 2 3 4 5 6 8 10 13 14 | 14.3
Maces & Staves | 1 2 3 4 |  4.0
Fighting       | |  1.3
Stealth        | |  1.3

Action                   |  1- 3 |  4- 6 |  7- 9 | 10-12 || total
-------------------------+-------+-------+-------+-------++-------
Melee: Staff             |   103 |   319 |    12 |       ||   434
       Dagger            |    37 |       |       |       ||    37
       Unarmed           |    33 |       |       |       ||    33
 Cast: Sandblast         |    27 |   108 |   207 |    69 ||   411
       Passwall          |     2 |       |       |     2 ||     4
       Lee's Rapid Decon |       |       |    11 |    13 ||    24
  Eat: Chunk             |     2 |    11 |    12 |     7 ||    32
Armor: Robe              |    40 |   126 |    32 |     6 ||   204
Dodge: Dodged            |   133 |   424 |    57 |    18 ||   632
